 Dungeon Crawl Stone Soup version 0.20.0-4-g10b340a (webtiles) character file.

401 KSB the Cleaver (level 6, -1/76 HPs)
             Began as a Minotaur Berserker on May 28, 2017.
             Was a Believer of Trog.
             Slain by a wight
             ... wielding a +4 mace
              (7 damage)
             ... on level 3 of the Dungeon.
             The game lasted 00:05:06 (3061 turns).

KSB the Cleaver (Minotaur Berserker)                Turns: 3061, Time: 00:05:07

Health: -1/76      AC:  2    Str: 28    XL:     6   Next: 54%
Magic:  5/5        EV: 12    Int:  4    God:    Trog [**....]
Gold:   153        SH:  0    Dex: 10    Spells: 5/5 levels left

rFire    . . .     SeeInvis .   a - +0 hand axe
rCold    . . .     Gourm    .   (no shield)
rNeg     . . .     Faith    .   b - +0 animal skin
rPois    .         Spirit   .   (helmet restricted)
rElec    .         Reflect  .   (no cloak)
rCorr    .         Harm     .   (no gloves)
MR       .....                  (no boots)
Stlth    ..........             (no amulet)
Regen    0.3/turn               (no ring)
MPRegen  0.1/turn               (no ring)

@: berserking, drained, very quick
A: retaliatory headbutt, horns 2
a: Berserk, Trog's Hand, Burn Spellbooks, Renounce Religion


You were on level 3 of the Dungeon.
You worshipped Trog.
Trog was pleased with you.
You were hungry.

You visited 1 branch of the dungeon, and saw 3 of its levels.

You collected 153 gold pieces.

Inventory:

Hand Weapons
 a - a +0 hand axe (weapon)
Armour
 b - a +0 animal skin (worn)
Jewellery
 e - an uncursed ring of protection from magic {unknown}
 g - an uncursed ring of wizardry {unknown}
 i - an uncursed ring of resist corrosion {unknown}
Wands
 r - a wand of iceblast (15/15)
Scrolls
 m - a scroll of teleportation
Potions
 j - a potion of lignification {unknown}
 k - a potion of magic {unknown}
 l - 3 potions of flight
Books
 p - a book of Cantrips

   Spells                             Type                      Level
   a - Confusing Touch                Hexes                        1
   b - Animate Skeleton               Necromancy                   1
   c - Summon Small Mammal            Summoning                    1
   d - Apportation                    Translocation                1
   Trog disapproves of the use of such an item.
Comestibles
 c - 2 bread rations
 d - 4 fruits
 f - 2 meat rations
 h - a royal jelly
 o - a chunk of flesh


   Skills:
 - Level 3.6(2.9) Fighting
 + Level 9.0(8.2) Axes
 - Level 2.4(1.7) Armour
 - Level 2.1(1.5) Dodging


You had 5 spell levels left.
You didn't know any spells.

Dungeon Overview and Level Annotations

Branches:
Dungeon (3/15)

Altars:
Makhleb
Ru


Innate Abilities, Weirdness & Mutations

You reflexively headbutt those who attack you in melee.
You have a pair of horns on your head.


Message History

You hit the wight.
The wight hits you with an enchanted mace!
* * * LOW HITPOINT WARNING * * *
You feel drained.
* * * LOW HITPOINT WARNING * * *
A red film seems to cover your vision as you go berserk!
You feel yourself moving faster!
You feel mighty!
You are feeling hungry.
The wight hits you with an enchanted mace.
* * * LOW HITPOINT WARNING * * *
You closely miss the wight.
The wight is lightly damaged.
The wight hits you with an enchanted mace.
* * * LOW HITPOINT WARNING * * *
You hit the wight. Your headbutt misses the wight.
The wight is lightly damaged.
You slash the wight!
The wight is almost destroyed.
The wight hits you with an enchanted mace!
You die...

*,*
*,#..#*,,,,,,,,*,#..
*,*
*,#..#*,,,,,,,,*,#..
*,*
*,#..######*****,#..
*,*
*,#).......,,,<,,#..
*,*
*,#.#**############.
#******,* *,#.#
#............
#.,,,,,,* *,#z#
#............
*#.########*,#z#
#############
#....#...,,,#@#
*,,,* #...
#####.#.######.#
*,*,* #.##
#..............#
*,#.###+#.
##.#....).....##
*,#.......
#.####.#...#.#
*,#.......
#.#....#.#.#.#
*,#.......
#.#.####.#[#.#
*,#....... #.#.#
#.#.#.# *,#.###.##
#.#.# #.#.#.#
*,#,*.....


You could see 2 wights.

Vanquished Creatures
  The ghost of case the Grave Robber, an amateur DDNe (D:3)
  A wight (D:3)
  An orc wizard (D:3)
  3 adders
  2 oozes
  3 dart slugs
  4 worms
  2 leopard geckos
  2 orcs (D:3)
  4 giant cockroaches
  4 goblins
  6 hobgoblins
  A quokka (D:2)
  6 bats
  7 frilled lizards
  8 kobolds
  6 rats
61 creatures vanquished.

Notes
Turn   | Place    | Note
-------+----------+-------------------------------------------
     0 | D:1      | KSB the Minotaur Berserker began the quest for the Orb.
     0 | D:1      | Reached XP level 1. HP: 19/19 MP: 0/0
    63 | D:1      | Reached skill level 4 in Axes
    95 | D:1      | Reached XP level 2. HP: 26/26 MP: 1/1
   492 | D:1      | Reached skill level 5 in Axes
   806 | D:2      | Reached XP level 3. HP: 31/31 MP: 2/2
   813 | D:2      | Reached ** piety under Trog
   847 | D:2      | Found a burning altar of Makhleb.
  1986 | D:3      | Reached XP level 4. HP: 21/39 MP: 3/3
  1990 | D:3      | Found a sacrificial altar of Ru.
  1995 | D:3      | Reached skill level 6 in Axes
  2712 | D:3      | Noticed case's ghost (amateur DDNe)
  2724 | D:3      | Killed case's ghost
  2724 | D:3      | Reached skill level 8 in Axes
  2724 | D:3      | Reached XP level 5. HP: 28/45 MP: 4/4
  2724 | D:3      | Reached XP level 6. HP: 32/51 MP: 5/5
  3053 | D:3      | Reached skill level 9 in Axes
  3061 | D:3      | Slain by a wight

Skill      XL: |  1  2  3  4  5  6 |
---------------+-------------------+-----
Axes           | 4 5 8 9 |  9.0
Fighting       | |  3.6
Armour         | |  2.4
Dodging        | |  2.1

Action                   |  1- 3 |  4- 6 || total
-------------------------+-------+-------++-------
Melee: Hand axe          |    84 |    50 ||   134
       Headbutt          |    17 |    11 ||    28
Invok: Berserk           |       |     2 ||     2
  Use: Scroll            |     6 |     2 ||     8
 Stab: Paralysed         |       |     2 ||     2
       Sleeping          |       |     2 ||     2
  Eat: Chunk             |     3 |     4 ||     7
       Fruit             |       |     1 ||     1
Armor: Animal skin       |    18 |     5 ||    23
Dodge: Dodged            |    53 |    20 ||    73
